 Dungeon Crawl Stone Soup version 0.25-a0-890-g62861fb195 (webtiles) character file.

Game seed: 14577347609908139769, levelgen mode: deterministic

2814 Flugkiller the Fighter (level 9, -4/74 HPs)
             Began as a Demonspawn Warper on May 2, 2020.
             Was a Believer of Uskayaw.
             Slain by a two-headed ogre
             ... wielding a cursed -2 giant club
              (16 damage)
             ... on level 8 of the Dungeon.
             The game lasted 00:11:45 (7555 turns).

Flugkiller the Fighter (Demonspawn Warper)          Turns: 7555, Time: 00:11:46

Health: -4/74      AC:  9    Str: 13    XL:     9   Next: 44%
Magic:  11/14      EV: 14    Int: 15    God:    Uskayaw [**....]
Gold:   232        SH:  3    Dex: 14    Spells: 12/12 levels left

rFire    . . .     SeeInvis .   v - +0 trident
rCold    . . .     Gourm    .   m - +0 buckler
rNeg     + . .     Faith    .   s - +0 troll leather armour
rPois    .         Spirit   .   (no helmet)
rElec    .         Reflect  .   (no cloak)
rCorr    +         Harm     .   B - +2 pair of gloves
MR       .....                  (no boots)
Stlth    +.........             b - amulet of regeneration
HPRegen  1.02/turn              g - ring of resist corrosion
MPRegen  0.14/turn              r - ring of positive energy

@: studying Stealth
A: talons 2, icy blue scales 1, powered by death 1, rot immunity
a: Stomp, Line Pass, Renounce Religion


You were on level 8 of the Dungeon.
You worshipped Uskayaw.
Uskayaw was noncommittal.
You were not hungry.

You visited 2 branches of the dungeon, and saw 9 of its levels.

You collected 232 gold pieces.

Inventory:

Hand Weapons
 a - a +0 spear
 v - a +0 trident (weapon)
   (You found it on level 3 of the Dungeon)
Missiles
 c - 8 boomerangs
 e - 5 boomerangs of dispersal (quivered)
 o - 7 javelins
 F - 4 throwing nets
Armour
 m - a +0 buckler (worn)
   (You found it on level 1 of the Dungeon)
 s - a +0 troll leather armour (worn)
   (You found it on level 3 of the Dungeon)
 B - a +2 pair of gloves (worn)
   (You found it on level 4 of the Dungeon)
 I - a +0 chain mail
   (You took it off an orc warrior on level 8 of the Dungeon)
Jewellery
 b - an amulet of regeneration (around neck)
   (You found it on level 6 of the Dungeon)
 g - a ring of resist corrosion (left hand)
   (You found it on level 1 of the Dungeon)
 j - an uncursed ring of ice
   (You found it on level 1 of the Dungeon)
 r - a ring of positive energy (right hand)
   (You found it on level 3 of the Dungeon)
 D - a +4 ring of protection {unknown}
   (You found it on level 6 of the Dungeon)
Scrolls
 d - a scroll of blinking
 i - 6 scrolls of teleportation
 k - 4 scrolls of remove curse
 t - a scroll of noise {unknown}
 y - 2 scrolls of fog
 z - a scroll of enchant weapon {unknown}
 A - 2 scrolls of fear
Potions
 h - 5 potions of curing
 l - 2 potions of brilliance {unknown}
 n - a potion of haste {unknown}
 p - a potion of degeneration {unknown}
 q - a potion of cancellation
 u - a potion of stabbing {unknown}
 w - a potion of flight
 x - 2 potions of lignification
 C - a potion of mutation
 G - a potion of might {unknown}
Books
 E - a manual of Stealth
   (You found it on level 6 of the Dungeon)
Comestibles
 f - 9 rations
 H - 8 chunks of flesh


   Skills:
 - Level 8.0 Fighting
 - Level 6.0 Polearms
 - Level 0.8 Throwing
 - Level 0.8 Armour
 - Level 6.0 Dodging
 - Level 0.1 Shields
 - Level 2.0 Spellcasting
   Level 2.6 Translocations
 + Level 7.3 Invocations


You had 12 spell levels left.
You didn't know any spells.
Your spell library contained the following spells:

 Spells                   Type           Power        Failure   Level  Hunger
 Blink                    Tloc           N/A          24%         2    ###....
 Shroud of Golubria       Chrm/Tloc      #.....       38%         2    ###....
 Animate Skeleton         Necr           N/A          43%         1    #......
 Pain                     Necr           #...         43%         1    #......
 Gell's Gravitas          Tloc           #.........   43%         3    ###....
 Lesser Beckoning         Tloc           #.........   43%         3    ###....
 Teleport Other           Tloc           #.......     43%         3    ###....
 Vampiric Draining        Necr           #.........   80%         3    ###....
 Passage of Golubria      Tloc           N/A          83%         4    #####..
 Animate Dead             Necr           N/A          99%         4    #####..
 Agony                    Necr           #.......     100%        5    ######.


Dungeon Overview and Level Annotations

Branches:
Dungeon (8/15)             Temple (1/1) D:6
   Lair: D:8-11

Altars:
Cheibriados
Dithmenos
Elyvilon
Fedhas
Gozag
Hepliaklqana
Kikubaaqudgha
Makhleb
Nemelex Xobeh
Okawaru
Qazlal
Ru
Sif Muna
Trog
Uskayaw
Vehumet
Wu Jian
Xom
Yredelemnul
Zin

Shops:
D:5 =   D:7 *


Innate Abilities, Weirdness & Mutations

You have razor-sharp toenails.
You are partially covered in icy blue scales. (AC +2)
You regenerate a little health from kills.
You are immune to rotting.


Message History

Attack whom?
Press: ? - help, Dir - move target cursor, f - two-headed ogre
Aim: a two-headed ogre, wielding a -2 giant club and a +0 dire flail You reach to attack!
You hit the two-headed ogre but do no damage.
You puncture the two-headed ogre!
You claw the two-headed ogre, but do no damage.
The two-headed ogre is lightly wounded.
The two-headed ogre closely misses you.
The two-headed ogre hits you with a +0 dire flail.
You puncture the two-headed ogre!
You claw the two-headed ogre, but do no damage.
The two-headed ogre is moderately wounded.
The two-headed ogre hits you with a cursed -2 giant club!
The two-headed ogre hits you with a +0 dire flail.
You hit the two-headed ogre. You claw the two-headed ogre.
The two-headed ogre is heavily wounded.
The two-headed ogre hits you with a cursed -2 giant club.
The two-headed ogre barely misses you.
Uskayaw will force your foes to helplessly watch your dance.
Uskayaw prepares the audience for your solo!
The helpless two-headed ogre fails to defend itself.
You hit the two-headed ogre.
The two-headed ogre is heavily wounded.
The helpless two-headed ogre fails to defend itself.
You hit the two-headed ogre but do no damage.
The two-headed ogre is heavily wounded.
The two-headed ogre is no longer paralysed.
The two-headed ogre misses you.
The two-headed ogre hits you with a +0 dire flail.
You hit the two-headed ogre but do no damage.
You claw the two-headed ogre.
The two-headed ogre is heavily wounded.
The two-headed ogre hits you but does no damage.
The two-headed ogre hits you with a +0 dire flail.
You hit the two-headed ogre but do no damage.
Your kick misses the two-headed ogre.
The two-headed ogre is heavily wounded.
You hit the two-headed ogre but do no damage.
The two-headed ogre is heavily wounded.
The two-headed ogre misses you.
The two-headed ogre hits you with a +0 dire flail!
* * * LOW HITPOINT WARNING * * *
You stomp with the beat, sending a shockwave through the revelers around you!
The two-headed ogre is severely wounded.
You feel somewhat more hungry.
The two-headed ogre hits you with a cursed -2 giant club!!
* * * LOW HITPOINT WARNING * * *
The two-headed ogre hits you with a +0 dire flail!
You die...

### ..# #.# #.#
####.#######
#...........
#######.##@#..###
#.......##.O....#
#.......####..#.#
#.......##......
.####......[..........
............##.......#
.####.......# ......#
# ###.......# . ...#
#.##......##.#


You could see a two-headed ogre.

Vanquished Creatures
  Harold (D:7)
  A hippogriff (D:7)
  A spriggan (D:7)
  A hungry ghost (D:6)
  An orc warrior (D:8)
  3 sky beasts
  An eye of draining (D:6)
  A necrophage (D:7)
  An ogre (D:4)
  A crocodile (D:7)
  A centaur (D:5)
  A big kobold (D:7)
  A water moccasin skeleton (D:7)
  A scorpion (D:4)
  3 howler monkeys (D:7)
  2 crimson imps (D:5)
  A hound (D:6)
  2 orc priests (D:8)
  A bullfrog skeleton (D:5)
  An orc wizard (D:8)
  2 centaur skeletons
  4 worker ants (D:4)
  A hound skeleton (D:4)
  2 worker ant zombies
  A howler monkey skeleton (D:5)
  8 adders
  2 shadow imps
  An ooze (D:6)
  8 worms
  5 dart slugs
  A leopard gecko (D:2)
  13 orcs
  3 giant cockroaches
  7 goblins
  7 hobgoblins
  3 jackals (D:1)
  4 quokkas
  2 ball pythons
  4 bats
  7 frilled lizards
  15 kobolds
  A quokka skeleton (D:4)
  10 rats
137 creatures vanquished.

Notes
Turn   | Place    | Note
-------+----------+-------------------------------------------
     0 | D:1      | Flugkiller the Demonspawn Warper began the quest for the
                  | Orb.
     0 | D:1      | Reached XP level 1. HP: 16/16 MP: 3/3
    63 | D:1      | Gained mutation: You have sharp toenails. [demonic
                  | ancestry]
    63 | D:1      | Reached XP level 2. HP: 19/23 MP: 5/5
   250 | D:1      | Reached skill level 3 in Fighting
  1092 | D:2      | Gained mutation: You have razor-sharp toenails. [demonic
                  | ancestry]
  1092 | D:2      | Reached XP level 3. HP: 29/29 MP: 6/6
  1542 | D:2      | Reached skill level 4 in Fighting
  2036 | D:2      | Gained mutation: You are immune to rotting. [demonic
                  | ancestry]
  2036 | D:2      | Reached XP level 4. HP: 25/38 MP: 7/7
  2273 | D:2      | Found a shimmering blue altar of Sif Muna.
  2975 | D:3      | Found a glowing silver altar of Zin.
  3780 | D:3      | Found a white marble altar of Elyvilon.
  3954 | D:4      | Noticed a sky beast
  4077 | D:4      | Killed a sky beast
  4077 | D:4      | Reached XP level 5. HP: 28/43 MP: 8/8
  4175 | D:4      | Reached skill level 5 in Fighting
  4175 | D:4      | Gained mutation: You regenerate a little health from kills.
                  | [demonic ancestry]
  4175 | D:4      | Reached XP level 6. HP: 40/51 MP: 9/9
  4735 | D:4      | Reached skill level 6 in Fighting
  5055 | D:5      | Entered Level 5 of the Dungeon
  5161 | D:5      | Reached XP level 7. HP: 58/58 MP: 10/10
  5190 | D:5      | Found Nezebbi's Jewellery Boutique.
  5721 | D:6      | Found a staircase to the Ecumenical Temple.
  5743 | Temple   | Entered the Ecumenical Temple
  5797 | Temple   | Became a worshipper of Uskayaw the Reveler
  5828 | D:6      | Reached * piety under Uskayaw
  5829 | D:6      | Noticed a hungry ghost
  5849 | D:6      | Reached ** piety under Uskayaw
  5860 | D:6      | Reached *** piety under Uskayaw
  5863 | D:6      | Reached **** piety under Uskayaw
  5893 | D:6      | Killed a hungry ghost
  5893 | D:6      | Reached skill level 5 in Polearms
  6542 | D:7      | Reached XP level 8. HP: 63/64 MP: 11/11
  6548 | D:7      | Found a snail-covered altar of Cheibriados.
  6625 | D:7      | Found an opulent altar of Gozag.
  6672 | D:7      | Reached skill level 1 in Invocations
  6674 | D:7      | Found Gozag's Platinum Reserve.
  6838 | D:7      | Noticed Harold
  6883 | D:7      | Killed Harold
  6883 | D:7      | Reached skill level 7 in Fighting
  6883 | D:7      | Reached skill level 5 in Dodging
  6893 | D:7      | Reached skill level 5 in Invocations
  6909 | D:7      | Gained mutation: You are partially covered in icy blue
                  | scales. (AC +2) [demonic ancestry]
  6909 | D:7      | Reached XP level 9. HP: 12/72 MP: 5/12
  6986 | D:7      | Found a blossoming altar of Fedhas.
  7092 | D:7      | Reached ***** piety under Uskayaw
  7096 | D:7      | Reached skill level 8 in Fighting
  7370 | D:8      | Found a sparkling altar of Nemelex Xobeh.
  7541 | D:8      | Noticed a two-headed ogre
  7555 | D:8      | Slain by a two-headed ogre

Levels and vault maps discovered:
D:1:      eino_arrival_druids_welcome, layout_loops_ring
D:2:      layout_loops_ring, lemuel_blue_sif_altar
D:3:      layout_loops_ring, marbit_many_paths, zin_scriptorium, minivault_14,
          st_stairs_1
D:4:      cheibrodos_old_hovel, layout_loops_cross, first_ration
D:5:      layout_rooms, serial_shops, nicolae_shop_stone, st_stairs_1
D:6:      layout_loops_ring, minmay_temple_entry_arrows, minmay_manual_mullet
D:7:      layout_cave_pools, nicolae_gozag_zags_fifth_avenue,
          old_standard_altar, overflow_temple_1_default, the_bakery, uniq_harold
D:8:      layout_loops_cross, nemelex_xobeh_ov_fountains_minmay, serial_shops,
          shop
Temple:   eino_temple_water

Skill      XL: |  1  2  3  4  5  6  7  8  9 |
---------------+----------------------------+-----
Polearms       | 2 6 |  6.0
Fighting       | 3 4 5 6 7 8 |  8.0
Dodging        | 4 5 6 |  6.0
Invocations    | 5 7 |  7.3
Throwing       | |  0.8
Armour         | |  0.8
Shields        | |  0.1
Spellcasting   | |  2.0
Translocations | |  2.6

Action                   |  1- 3 |  4- 6 |  7- 9 || total
-------------------------+-------+-------+-------++-------
Melee: Spear             |   149 |   288 |   272 ||   709
       Kick              |    27 |    77 |   107 ||   211
       Trident           |       |       |   156 ||   156
Invok: Stomp             |       |       |    12 ||    12
  Use: Scroll            |       |     5 |     6 ||    11
       Potion            |       |       |     1 ||     1
 Stab: Distracted        |     1 |       |     1 ||     2
       Sleeping          |       |     1 |       ||     1
       Paralysed         |       |       |     8 ||     8
  Eat: Chunk             |     4 |    10 |     4 ||    18
       Ration            |       |       |     4 ||     4
Armor: Leather armour    |    21 |    15 |       ||    36
       Troll leather arm |       |    20 |    97 ||   117
       Skin              |       |       |    20 ||    20
Dodge: Dodged            |    61 |   128 |   207 ||   396
Block: Buckler           |     9 |    27 |    35 ||    71

Table legend:
 A = Non-vault XP
 B = Vault XP
 C = Vault XP percentage of total XP
 D = Non-vault monster count
 E = Vault monster count
 F = Vault count percentage of total count
                 A         B        C        D         E       F
            +---------+---------+-------+---------+---------+-------
      Total |    2725 |    1296 |  32.2 |     124 |      13 |   9.5
            +---------+---------+-------+---------+---------+-------
        D:1 |      39 |       0 |   0.0 |      21 |       0 |   0.0
        D:2 |     118 |       0 |   0.0 |      31 |       0 |   0.0
        D:3 |      26 |       9 |  25.7 |      14 |       4 |  22.2
        D:4 |     482 |      67 |  12.2 |      15 |       2 |  11.8
        D:5 |     269 |      11 |   3.9 |      12 |       1 |   7.7
        D:6 |     368 |      39 |   9.6 |       5 |       4 |  44.4
        D:7 |    1098 |    1170 |  51.6 |      18 |       2 |  10.0
        D:8 |     325 |       0 |   0.0 |       8 |       0 |   0.0
            +---------+---------+-------+---------+---------+-------
